 Dungeon Crawl Stone Soup version 0.31-a0-231-g51bb95cda3 (webtiles) character file.

Game seed: 8285255585709503605

56 qw the Shooter (level 3, -1/21 HPs)
             Began as a Gargoyle Hexslinger on July 6, 2023.
             Slain by Sigmund
             ... wielding a +0 scythe
              (2 damage)
             ... on level 2 of the Dungeon.
             The game lasted 00:00:32 (1173 turns).

qw the Shooter (Gargoyle Hexslinger)                Turns: 1173, Time: 00:00:33

Health: -1/21      AC:  8    Str: 11    XL:     3   Next: 97%
Magic:  4/4        EV: 11    Int: 13    God:
Gold:   27         SH:  0    Dex: 14    Spells: 3/4 levels left

rFire   . . .        d - +0 orcbow
rCold   . . .        (shield currently unavailable)
rNeg    + . .        e - +0 leather armour
rPois   inf          (no helmet)
rElec   +            (no cloak)
rCorr   .            (no gloves)
SInv    .            j - +1 pair of boots
Will    .....        (no amulet)
Stlth   +            (no ring)
HPRegen 0.23/turn    (no ring)
MPRegen 0.09/turn

%: no passive effects
@: no status effects
A: sickness immunity, AC +3, negative energy resistance 1, electricity
resistance, torment resistance 1, petrification resistance
a: no special abilities


You were on level 2 of the Dungeon.
You visited 1 branch of the dungeon, and saw 2 of its levels.

You collected 27 gold pieces.


Innate Abilities, Weirdness & Mutations

You are immune to sickness and miasma.
Your stone body is resilient. (AC +3)
You are immune to poison.
You resist negative energy. (rN+)
You are resistant to electric shocks. (rElec)
You are resistant to unholy torment.
You are immune to petrification.


   Skills:
 - Level 2.0 Fighting
 + Level 3.8 Ranged Weapons
 - Level 1.5 Dodging
 - Level 1.0 Spellcasting
 - Level 2.6 Hexes


You had 3 spell levels left.
You knew the following spells:

 Your Spells              Type           Power      Damage    Failure   Level
a - Slow                  Hex            28%        N/A       12%         1

Your spell library contained the following spells:

 Spells                   Type           Power      Damage    Failure   Level
 Inner Flame              Hex/Fire       4%         N/A       54%         3
 Portal Projectile        Hex/Tloc       8%         N/A       54%         3
 Cause Fear               Hex            3%         N/A       77%         4

Inventory:

Hand Weapons
 d - a +0 orcbow (weapon)
Armour
 e - a +0 leather armour (worn)
 j - a +1 pair of boots (worn)
Scrolls
 a - 2 scrolls of identify
 b - a scroll of butterflies {unknown}
 f - a scroll of fog {unknown}
Potions
 c - a potion of heal wounds
 g - a potion of curing {unknown}
 h - a potion of haste {unknown}

Dungeon Overview and Level Annotations

Branches:
Dungeon (2/15)

Altars:
Yredelemnul

Shops:
D:1 (

Annotations:
D:2 Sigmund


Message History

Enter note:
Enter note:
Enter note:
Enter note: You shoot an arrow.
The arrow hits Sigmund!
Sigmund is moderately wounded.
You shoot an arrow. The arrow closely misses Sigmund.
Sigmund casts a spell.
Sigmund flickers and vanishes!
Deactivating autopickup; reactivate with Ctrl-A.
You shoot an arrow. You shoot an arrow.
You hear some strange, mumbled words.
Something tries to affect you, but you resist.
You shoot an arrow. Something hits you.
You shoot an arrow. You shoot an arrow.
A magic dart appears from out of thin air!
The magic dart hits you but does no damage.
Something hits you but does no damage.
You shoot an arrow.
You hear some strange, mumbled words.
You are confused.
You shoot an arrow. Something hits you.
You shoot an arrow.
You hear some strange, mumbled words.
Something tries to affect you, but you resist.
You shoot an arrow.
A magic dart appears from out of thin air!
The magic dart hits you.
You shoot an arrow.
A magic dart appears from out of thin air!
The magic dart hits you. Something hits you.
You shoot an arrow.
You feel less confused.
You shoot an arrow. Something hits you.
You die...

#####.#.##### ##.......#
.......### ##.##### #.#
### #.# ##.##
##.########.#.##
...........###.#########
##.########.#...@.{.....
...# ##.########### ####
###


There were no monsters in sight!

Vanquished Creatures
  An adder (D:2)
  A dart slug (D:1)
  5 ball pythons
  3 endoplasms (D:1)
  5 giant cockroaches
  6 hobgoblins (D:1)
  3 jackals (D:1)
  2 quokkas
  A bat (D:1)
  2 frilled lizards
  2 goblins
  5 kobolds (D:1)
  7 rats
43 creatures vanquished.

Notes
Turn   | Place    | Note
-------+----------+-------------------------------------------
     0 | D:1      | qw the Gargoyle Hexslinger began the quest for the Orb.
     0 | D:1      | Reached XP level 1. HP: 12/12 MP: 2/2
     0 | D:1      | 0 ||| qw: Version: 0.3-a-46-gb1f654a
     0 | D:1      | 0 ||| qw: Game counter: 1838
     0 | D:1      | 0 ||| qw: Melee chars always use a shield: true
     0 | D:1      | 0 ||| qw: God list: Okawaru
     0 | D:1      | 0 ||| qw: Allow faded altars: false
     0 | D:1      | 0 ||| qw: Do Orc after clearing Dungeon:15 true
     0 | D:1      | 0 ||| qw: Do second Lair branch before Depths: true
     0 | D:1      | 0 ||| qw: Lair rune preference: random
     0 | D:1      | 0 ||| qw: Goals: Normal
     0 | D:1      | 0 ||| PLANNING D:1-11
   122 | D:1      | Reached XP level 2. HP: 16/16 MP: 3/3
   206 | D:1      | Reached skill level 3 in Ranged Weapons
   301 | D:1      | Found Ocwusaw's Antique Weapon Boutique.
   305 | D:1      | 305 ||| UPGRADING to +0 leather armour.
   333 | D:1      | 333 ||| DROPPING +0 robe.
   334 | D:1      | 334 ||| UPGRADING to +0 pair of boots.
   346 | D:1      | 346 ||| SHOPLISTING glowing arbalest (210 gold, have 6).
   370 | D:1      | Reached XP level 3. HP: 21/21 MP: 4/4
   552 | D:1      | 552 ||| UPGRADING to +1 pair of boots.
   562 | D:1      | 562 ||| DROPPING +0 pair of boots.
   858 | D:1      | 858 ||| READING 3 scrolls labelled HOORCH XOSCH.
   859 | D:1      | 859 ||| READING scroll labelled DAFAEGG BESCHI.
   860 | D:1      | 860 ||| READING scroll labelled NUZECHANIOF.
   877 | D:1      | 877 ||| READING 2 scrolls of identify.
   877 | D:1      | 877 ||| IDENTIFYING glowing orange potion
   878 | D:1      | 878 ||| DROPPING scroll of poison.
   976 | D:2      | Found a faded altar of an unknown god.
  1079 | D:2      | Found a basalt altar of Yredelemnul.
  1081 | D:2      | 1081 ||| SWAPPING to +0 orcbow.
  1082 | D:2      | 1082 ||| DROPPING +1 sling of flaming.
  1159 | D:2      | Noticed Sigmund
  1171 | D:2      | HP: 1/21 [something (5)]
  1173 | D:2      | Slain by Sigmund

Levels and vault maps discovered:
D:1:      dpeg_arrival_ratfight, layout_basic, serial_shops,
          nicolae_shop_window_shopping, serial_park_tiny_2
D:2:      layout_loops_ring, dreamdust_ecumenical_altar_angels_and_demons,
          basic_altar, uniq_sigmund

Skill      XL: |  1  2  3 |
---------------+----------+-----
Ranged Weapons | 3 |  3.8
Fighting       | 2 |  2.0
Dodging        | |  1.5
Spellcasting   | |  1.0
Hexes          | |  2.6

Action                     || total
---------------------------++-------
   Fire: Sling             ||   106
         Orcbow            ||    25
    Use: Scroll            ||     4
 Armour: Robe              ||    10
         Leather armour    ||    15
  Dodge: Dodged            ||    34

Table legend:
 A = Non-vault XP
 B = Vault XP
 C = Vault XP percentage of total XP
 D = Non-vault monster count
 E = Vault monster count
 F = Vault count percentage of total count
                 A         B        C        D         E       F
            +---------+---------+-------+---------+---------+-------
      Total |      76 |       5 |   6.2 |      38 |       5 |  11.6
            +---------+---------+-------+---------+---------+-------
        D:1 |      53 |       5 |   8.6 |      30 |       5 |  14.3
        D:2 |      23 |       0 |   0.0 |       8 |       0 |   0.0
            +---------+---------+-------+---------+---------+-------
